 Dungeon Crawl Stone Soup version 0.31-a0-702-gf82c85558f (webtiles) character file.

Game seed: 10837706944575144164

256 qw the Shooter (level 6, -2/40 HPs)
             Began as a Gargoyle Hunter on Sept 8, 2023.
             Slain by an orc priest
             ... wielding a +3 short sword
              (5 damage)
             ... on level 3 of the Dungeon.
             The game lasted 00:00:44 (2021 turns).

qw the Shooter (Gargoyle Hunter)                    Turns: 2021, Time: 00:00:44

Health: -2/40      AC:  7    Str: 14    XL:     6   Next: 15%
Magic:  6/6        EV: 11    Int: 10    God:
Gold:   92         SH:  5    Dex: 15    Spells: 5/5 levels left

rFire   + . .        Y - +0 shortbow
rCold   . . .        (shield currently unavailable)
rNeg    + . .        d - +0 leather armour {rF+}
rPois   inf          (no helmet)
rElec   +            (no cloak)
rCorr   .            (no gloves)
SInv    .            (no boots)
Will    .....        i - amulet of reflection
Stlth   ++           (no ring)
HPRegen 0.26/turn    (no ring)
MPRegen 0.10/turn

%: reflection
@: no status effects
A: sickness immunity, AC +4, negative energy resistance 1, electricity
resistance, torment resistance 1, petrification resistance
a: no special abilities


You were on level 3 of the Dungeon.
You visited 1 branch of the dungeon, and saw 3 of its levels.

You collected 92 gold pieces.


Innate Abilities, Weirdness & Mutations

You are immune to sickness and miasma.
Your stone body is resilient. (AC +4)
You are immune to poison.
You resist negative energy. (rN+)
You are resistant to electric shocks. (rElec)
You are resistant to unholy torment.
You are immune to petrification.


   Skills:
 - Level 5.4 Fighting
 + Level 5.5 Ranged Weapons
 - Level 1.5 Dodging
 - Level 1.1 Stealth


You had 5 spell levels left.
You didn't know any spells.
Your spell library was empty.

Inventory:

Hand Weapons
 Y - a +0 shortbow (weapon)
Armour
 d - a +0 leather armour of fire resistance (worn)
 f - a +0 ring mail
Jewellery
 i - an amulet of reflection (around neck)
Scrolls
 c - a scroll of identify
Potions
 e - a potion of haste {unknown}
 g - a potion of curing
 j - a potion of enlightenment

Dungeon Overview and Level Annotations

Branches:
Dungeon (3/15)

Altars:

Shops:
D:1 [


Message History

The orc is heavily wounded.
You block the orc's attack.
You shoot an arrow.
The arrow hits the orc but does no damage.
The orc is heavily wounded.
The orc barely misses you.
The orc priest casts a cantrip, but nothing happens.
The orc barely misses you.
You shoot an arrow. The arrow completely misses the orc.
The orc priest calls down the wrath of Beogh upon you.
Beogh smites you!
You shoot an arrow.
The arrow hits the orc but does no damage.
The orc is heavily wounded.
You block the orc's attack.
You shoot an arrow.
The arrow hits the orc but does no damage.
The orc is heavily wounded.
The orc hits you with a +0 club. The orc closely misses you.
You shoot an arrow. The arrow hits the orc.
You kill the orc!
The orc hits you but does no damage.
You shoot an arrow. The arrow hits the orc priest.
The orc priest is lightly wounded.
The orc priest hits you with a +3 short sword.
You block the orc's attack. The orc hits you but does no damage.
You shoot an arrow. The arrow hits the orc priest.
The orc priest is moderately wounded.
The orc priest hits you but does no damage.
The orc closely misses you. The orc barely misses you.
You block the orc priest's attack. The orc hits you with a +0 short sword.
The orc closely misses you.
You shoot an arrow.
The arrow closely misses the orc priest.
The orc priest hits you but does no damage.
The orc hits you with a +0 club. The orc hits you with a +0 short sword.
You shoot an arrow. The arrow hits the orc priest.
The orc priest is heavily wounded.
The orc priest hits you with a +3 short sword.
You die...

#......# #......# #......#
#......# #......# #......#
#ooo...# #@# ####
#.########## #..#
#.##.%......
#..########.##.#############
#...............<..........#
###....#..####.#.########.##
#......>.## #.#.# #.#
#.######## #.#.# #.#
#.#.##########.#.# #.#


You could see an orc priest and 2 orcs.

Vanquished Creatures
  Sigmund (D:2)
  5 adders
  3 dart slugs
  2 worms
  2 orcs (D:3)
  5 endoplasms
  3 giant cockroaches
  5 goblins (D:2)
  4 hobgoblins
  A quokka (D:2)
  4 ball pythons
  3 bats
  2 frilled lizards
  3 kobolds
  2 rats (D:2)
45 creatures vanquished.

Notes
Turn   | Place    | Note
-------+----------+-------------------------------------------
     0 | D:1      | qw the Gargoyle Hunter began the quest for the Orb.
     0 | D:1      | Reached XP level 1. HP: 12/12 MP: 1/1
     0 | D:1      | 0 ||| qw: Version: 0.3-a-76-g4403597
     0 | D:1      | 0 ||| qw: Game counter: 1081
     0 | D:1      | 0 ||| qw: Melee chars always use a shield: true
     0 | D:1      | 0 ||| qw: God list: Okawaru
     0 | D:1      | 0 ||| qw: Allow faded altars: false
     0 | D:1      | 0 ||| qw: Do Orc after clearing Dungeon:15 true
     0 | D:1      | 0 ||| qw: Do second Lair branch before Depths: true
     0 | D:1      | 0 ||| qw: Lair rune preference: random
     0 | D:1      | 0 ||| qw: Goals: Normal
     0 | D:1      | 0 ||| PLANNING D:1-11
   234 | D:1      | Noticed an animated storm dragon scales
   236 | D:1      | Found Toetiod's Armour Shoppe.
   238 | D:1      | Noticed an animated pearl dragon scales
   246 | D:1      | 246 ||| SHOPLISTING +0 ring mail (52 gold, have 10).
   307 | D:1      | Reached XP level 2. HP: 17/17 MP: 2/2
   681 | D:1      | 681 ||| UPGRADING to +0 leather armour of fire resistance.
   691 | D:1      | 691 ||| DROPPING +0 leather armour.
   692 | D:1      | 692 ||| UPGRADING to amulet of guardian spirit.
   697 | D:1      | 697 ||| UPGRADING to amulet of reflection.
   707 | D:1      | 707 ||| DROPPING amulet of guardian spirit.
   708 | D:1      | 708 ||| READING 2 scrolls labelled KUTTAQ EMUI.
   709 | D:1      | 709 ||| DRINKING 2 bubbling pink potions.
   710 | D:1      | 710 ||| DROPPING scroll of blinking.
   711 | D:1      | 711 ||| DROPPING scroll of butterflies.
   730 | D:2      | 730 ||| STAIRDANCE
   734 | D:2      | 734 ||| STAIRDANCE
   737 | D:1      | HP: 1/17 [worm (7)]
   814 | D:2      | 814 ||| STAIRDANCE
   934 | D:2      | Reached XP level 3. HP: 21/21 MP: 3/3
  1224 | D:2      | Found a faded altar of an unknown god.
  1226 | D:2      | Noticed Sigmund
  1229 | D:2      | 1229 ||| DRINKING potion of curing.
  1229 | D:2      | 1229 ||| (to cure confusion)
  1248 | D:2      | Killed Sigmund
  1249 | D:2      | Reached XP level 4. HP: 31/31 MP: 4/4
  1249 | D:2      | Reached XP level 5. HP: 35/35 MP: 5/5
  1448 | D:2      | Reached XP level 6. HP: 40/40 MP: 6/6
  1804 | D:2      | 1804 ||| DROPPING ring of flight.
  1805 | D:2      | 1805 ||| READING 3 scrolls labelled WAVVAIDANO.
  1806 | D:2      | 1806 ||| READING scroll labelled BIOS AT VUAWUI.
  1810 | D:2      | 1810 ||| DRINKING 2 white potions.
  1811 | D:2      | 1811 ||| READING 2 scrolls of identify.
  1811 | D:2      | 1811 ||| IDENTIFYING cyan potion
  1812 | D:2      | 1812 ||| DROPPING potion of lignification.
  2018 | D:3      | HP: 9/40 [orc priest/+3 short sword (5)]
  2020 | D:3      | HP: 3/40 [orc/+0 short sword (3)]
  2021 | D:3      | Slain by an orc priest

Levels and vault maps discovered:
D:1:      dpeg_arrival_tiny_e, layout_basic, serial_shops,
          nicolae_shop_mannequins
D:2:      layout_basic, hellmonk_ecumenical_altar_crossroads, uniq_sigmund
D:3:      layout_basic, amethyst_overflow_temple_binary

Skill      XL: |  1  2  3 |
---------------+----------+-----
Ranged Weapons | 5 |  5.5
Fighting       | 5 |  5.4
Dodging        | |  1.5
Stealth        | |  1.1

Action                     |  1- 3 |  4- 6 || total
---------------------------+-------+-------++-------
   Fire: Shortbow          |    85 |    85 ||   170
    Use: Potion            |     2 |     1 ||     3
         Scroll            |     1 |     3 ||     4
 Armour: Leather armour    |    16 |    31 ||    47
  Dodge: Dodged            |    17 |    30 ||    47
  Block: Other             |     8 |    11 ||    19

Table legend:
 A = Non-vault XP
 B = Vault XP
 C = Vault XP percentage of total XP
 D = Non-vault monster count
 E = Vault monster count
 F = Vault count percentage of total count
                 A         B        C        D         E       F
            +---------+---------+-------+---------+---------+-------
      Total |     143 |     223 |  60.9 |      44 |       1 |   2.2
            +---------+---------+-------+---------+---------+-------
        D:1 |      25 |       0 |   0.0 |      14 |       0 |   0.0
        D:2 |      94 |     223 |  70.3 |      24 |       1 |   4.0
        D:3 |      24 |       0 |   0.0 |       6 |       0 |   0.0
            +---------+---------+-------+---------+---------+-------
